 Dungeon Crawl Stone Soup version 0.30.1 (webtiles) character file.

Game seed: 1467857850309293982

406 Labrat the Conjurer (level 7, 0/46 HPs)
             Began as a Human Conjurer on July 9, 2023.
             Shot with an arrow by a centaur (6 damage)
             ... on level 4 of the Dungeon.
             The game lasted 00:06:13 (3548 turns).

Labrat the Conjurer (Human Conjurer)                Turns: 3548, Time: 00:06:13

Health: 0/46       AC:  3    Str:  7    XL:     7   Next: 12%
Magic:  14/14      EV: 12    Int: 21    God:
Gold:   148        SH:  0    Dex: 11    Spells: 12/15 levels left

rFire   . . .        c - +1 dagger (venom)
rCold   . . .        (no shield)
rNeg    . . .        a - +0 robe
rPois   .            (no helmet)
rElec   .            (no cloak)
rCorr   .            (no gloves)
SInv    .            o - +0 pair of boots
Will    .....        (no amulet)
Stlth   ++           (no ring)
HPRegen 0.27/turn    (no ring)
MPRegen 0.14/turn

%: no passive effects
@: no status effects
A: no striking features
a: no special abilities


You were on level 4 of the Dungeon.
You visited 1 branch of the dungeon, and saw 4 of its levels.

You collected 148 gold pieces.

Inventory:

Hand Weapons
 c - a +1 dagger of venom (weapon)
Missiles
 g - 10 poisoned darts
 q - a throwing net
Armour
 a - a +0 robe (worn)
 o - a +0 pair of boots (worn)
 s - the +1 chain mail "Vougep" {rC- Int+6 Stlth+}
   (You took it off a kobold on level 4 of the Dungeon)

   Int:       It affects your intelligence (+6).
   rC:        It makes you vulnerable to cold.
   Stlth:     It makes you more stealthy.
Wands
 u - a wand of mindburst (21)
Scrolls
 d - 7 scrolls of vulnerability {unknown}
 f - 3 scrolls of identify {unknown}
 i - a scroll of butterflies {unknown}
 k - 2 scrolls of enchant weapon {unknown}
 l - a scroll of enchant armour {unknown}
 m - a scroll of fog {unknown}
 p - 3 scrolls of torment {unknown}
 t - a scroll of amnesia {unknown}
Potions
 b - a potion of magic
 e - 3 potions of attraction {unknown}
 h - a potion of heal wounds {unknown}
 j - a potion of mutation {unknown}
 n - 2 potions of degeneration {unknown}
 r - 2 potions of curing {unknown}


   Skills:
 - Level 2.0 Dodging
 - Level 2.0 Stealth
 + Level 4.8 Spellcasting
 + Level 6.2 Conjurations


You had 12 spell levels left.
You knew the following spells:

 Your Spells              Type           Power      Damage    Failure   Level
a - Magic Dart            Conj           100%       1d8       1%          1
b - Searing Ray           Conj           62%        2d6       1%          2

Your spell library contained the following spells:

 Spells                   Type           Power      Damage    Failure   Level
 Dazzling Flash           Conj/Hex       36%        N/A       9%          3
 Scorch                   Fire           10%        2d5       17%         2
 Flame Wave               Conj/Fire      18%        2d7       30%         4
 Fulminant Prism          Conj/Hex       9%         3d7       30%         4
 Iskenderun's Mystic Bla  Conj/Tloc      18%        2d6       30%         4
 Summon Cactus Giant      Summ           2%         N/A       100%        6


Dungeon Overview and Level Annotations

Branches:
Dungeon (4/15)
 Temple: D:4-7

Altars:

Shops:
D:2 *   D:4 !


Message History

The magic dart hits the iguana but does no damage.
The iguana is moderately wounded.
The magic dart hits the iguana.
The iguana is moderately wounded.
The magic dart hits the iguana!
The iguana is almost dead.
The magic dart hits the iguana but does no damage.
The iguana is almost dead.
The iguana bites you!
You hit the iguana but do no damage.
The iguana is poisoned.
The iguana is almost dead.
The iguana bites you but does no damage.
You hit the iguana.
The iguana looks even sicker.
The iguana is almost dead.
You kill the iguana!
You see here an iguana corpse.
Found a stone staircase leading down.
A centaur comes into view.
The centaur shouts!
You miscast Magic Dart.
You are very lightly contaminated with residual magic.
Nothing appears to happen.
The centaur wields a +0 shortbow.
The centaur shoots an arrow.
The arrow hits you!
A centaur comes into view.
The centaur shoots an arrow.
The arrow hits you!
Unknown command.
The centaur shoots an arrow.
The arrow closely misses you.
The centaur shoots an arrow.
The arrow hits you.
You hear a shout!
Your magical contamination has completely faded away.
The centaur shoots an arrow.
The arrow barely misses you.
You hear a shout!
The centaur shoots an arrow.
The arrow hits you.
The centaur shoots an arrow.
The arrow hits you!
* * * LOW HITPOINT WARNING * * *
The centaur shoots an arrow.
The arrow hits you.
* * * LOW HITPOINT WARNING * * *
You hear a shout!
The centaur shoots an arrow.
The arrow hits you.
You die...

....##...........####
................###.## ##
.....................##.##
.........................#
.........>..............#
.........[..............#
..#.................)#.##
..#.......###.†......# #
........####..†#@<..##
.........# #....#...###
....c....# ##...#.###.###
........####............#
..........c....#........#
##.##.#.....#####...#..##
... ####.....##.........#
... ##...............## ..
##.................#


You could see a centaur.

Vanquished Creatures
  A howler monkey (D:3)
  A hound (D:4)
  Jessica (D:2)
  An iguana (D:4)
  Ijyb (D:3)
  An orc wizard (D:4)
  10 gnolls
  6 adders
  2 worms (D:3)
  3 dart slugs
  4 orcs
  6 ball pythons
  5 endoplasms
  7 hobgoblins
  7 jackals
  2 kobolds (D:4)
  3 quokkas
  6 bats
  3 frilled lizards
  8 goblins
  4 rats
82 creatures vanquished.

Notes
Turn   | Place    | Note
-------+----------+-------------------------------------------
     0 | D:1      | Labrat the Human Conjurer began the quest for the Orb.
     0 | D:1      | Reached XP level 1. HP: 13/13 MP: 3/3
   179 | D:1      | Reached XP level 2. HP: 17/19 MP: 3/5
   539 | D:1      | Reached XP level 3. HP: 24/24 MP: 3/6
   546 | D:1      | Learned a level 2 spell: Searing Ray
   985 | D:1      | Found a faded altar of an unknown god.
  1029 | D:2      | Noticed Jessica
  1035 | D:2      | Killed Jessica
  1036 | D:2      | Reached XP level 4. HP: 28/30 MP: 3/8
  1316 | D:2      | Found Roazeysa's General Store.
  2099 | D:3      | Reached skill level 5 in Conjurations
  2157 | D:3      | Reached XP level 5. HP: 35/35 MP: 4/10
  2397 | D:3      | Noticed Ijyb
  2527 | D:3      | Reached XP level 6. HP: 41/41 MP: 8/12
  2805 | D:3      | Killed Ijyb
  3100 | D:4      | Reached skill level 6 in Conjurations
  3154 | D:4      | Identified the +1 chain mail "Vougep" {rC- Int+6 Stlth+}
  3241 | D:4      | Found Umen's Distillery.
  3364 | D:4      | Reached XP level 7. HP: 43/46 MP: 6/14
  3548 | D:4      | Shot with an arrow by a centaur

Illustrated notes

Levels and vault maps discovered:
D:1:      evilmike_arrival_crescent, layout_loops_ring,
          shapermc_ecumenical_altar_hornbeckon
D:2:      layout_basic, serial_shops, shop, st_stairs_2, uniq_jessica
D:3:      cheibrodos_old_hovel, layout_rooms, serial_glass, glass_columns_b,
          glass_columns_a, minmay_fountain_box, chequers_hall_statues_y,
          uniq_ijyb
D:4:      layout_cave_pools, serial_shops, shop, chequers_serial_rivers_room_b,
          minmay_manual_mares, uniq_edmund, uniq_grinder, uniq_robin

Skill      XL: |  1  2  3  4  5  6 |
---------------+-------------------+-----
Spellcasting   | 3 4 |  4.8
Conjurations   | 5 6 |  6.2
Dodging        | |  2.0
Stealth        | |  2.0

Action                     |  1- 3 |  4- 6 |  7- 9 || total
---------------------------+-------+-------+-------++-------
  Melee: Dagger            |    17 |    31 |     2 ||    50
         Punch             |       |     1 |       ||     1
   Cast: Magic Dart        |    31 |   105 |     9 ||   145
         Searing Ray       |       |     9 |       ||     9
 Armour: Robe              |     5 |     7 |     2 ||    14
  Dodge: Dodged            |    11 |    32 |     6 ||    49
